 Dungeon Crawl Stone Soup version 0.27-a0-597-g524d869a0f (webtiles) character file.

Game seed: 5860818262952546156

15 kae the Ruffian (level 2, 0/25 HPs)
             Began as a Naga Transmuter on Mar 11, 2021.
             Slain by a kobold
             ... wielding a +0 short sword
              (3 damage)
             ... on level 1 of the Dungeon.
             The game lasted 00:00:15 (311 turns).

kae the Ruffian (Naga Transmuter)                    Turns: 311, Time: 00:00:15

Health: 0/25       AC:  1    Str: 12    XL:     2   Next: 50%
Magic:  5/5        EV:  9    Int: 13    God:
Gold:   0          SH:  0    Dex: 11    Spells: 4/5 levels left

rFire    . . .     SeeInvis +     - Unarmed
rCold    . . .     Faith    .   (no shield)
rNeg     . . .     Spirit   .   a - +0 robe
rPois    +         Reflect  .   (no helmet)
rElec    .         Harm     .   (no cloak)
rCorr    .         Rampage  .   (no gloves)
Will     .....                  (no barding)
Stlth    +.........             (no amulet)
HPRegen  0.08/turn              (no ring)
MPRegen  0.09/turn              (no ring)

@: short of breath, very slow
A: large, see invisible, deformed body, poison resistance, slowness 2, spit
poison 1, naga tail 1, AC +0
a: Spit Poison


You were on level 1 of the Dungeon.
You visited 1 branch of the dungeon, and saw 1 of its levels.

Inventory:

Armour
 a - a +0 robe (worn)
Scrolls
 b - a scroll of amnesia {unknown}


   Skills:
 + Level 1.2 Fighting
 + Level 1.6 Dodging
 * Level 3.2 Unarmed Combat
 + Level 2.1 Spellcasting
 * Level 2.3 Transmutations


You had 4 spell levels left.
You knew the following spells:

 Your Spells              Type           Power      Damage    Failure   Level
a - Beastly Appendage     Tmut           14%        N/A       10%         1

Your spell library contained the following spells:

 Spells                   Type           Power      Damage    Failure   Level
 Wereblood                Tmut           7%         N/A       14%         2
 Spider Form              Tmut/Pois      2%         N/A       43%         3
 Ice Form                 Ice/Tmut       4%         N/A       83%         4
 Blade Hands              Tmut           3%         N/A       95%         5


Dungeon Overview and Level Annotations

Branches:
Dungeon (1/15)

Altars:


Innate Abilities, Weirdness & Mutations

Your serpentine skin is tough. (AC +0)
You have supernaturally acute eyesight. (SInv)
Armour fits poorly on your strangely shaped body.
Your system is resistant to poisons. (rPois)
You cover ground very slowly.
You can spit poison.
You have a snake-like lower body.


Message History

The leopard gecko is poisoned.
You kill the leopard gecko!
The kobold hits you. The kobold completely misses you.
The kobold hits you with a +0 short sword.
The kobold hits you.
* * * LOW HITPOINT WARNING * * *
The kobold barely misses you.
You see here a dart slug corpse.
Your horns disappear.
The kobold closely misses you.
You have got your breath back.
You hit the kobold but do no damage. The kobold hits you.
* * * LOW HITPOINT WARNING * * *
You closely miss the kobold. The kobold barely misses you.
You hit the kobold.
You kill the kobold!
The kobold throws a stone.
The stone hits you but does no damage.
It was a potion of curing.
You feel better.
Abil: Spit Poison
Press: ? - help, Q - select action, (/) - cycle Shift-Dir - straight line, f - goblin
Aim: a goblin The splash of poison misses the goblin.
The splash of poison misses the kobold.
The goblin hits you.
You hit the goblin.
You kill the goblin!
The kobold throws a stone.
The stone hits you.
* * * LOW HITPOINT WARNING * * *
You have got your breath back.
The kobold misses you.
You see here a goblin corpse.
You closely miss the kobold. The kobold closely misses you.
Abil: Spit Poison
Press: ? - help, Q - select action, (/) - cycle Shift-Dir - straight line, f - kobold
Aim: a kobold, wielding a +0 short sword and quivering stones The splash of poison hits the kobold but does no damage.
The kobold hits you with a +0 short sword.
* * * LOW HITPOINT WARNING * * *
You closely miss the kobold.
The kobold hits you with a +0 short sword.
You die...

#.# #+# #.....# ####.#
#.#####.....# #....##
#....##.....###### #.....#
#....##...........
#.....###.................
#####..##.........††....?.
###.##...........?.)...
#..†.........K##.......
#.##.#.##...#@# ....... #.
#...##...#.# ....... #
##..######.# ....... #.>#
#.# ...(... ##.# #.#
.....## #.# #.. #.# ###


You could see a kobold.

Vanquished Creatures
  2 dart slugs (D:1)
  A leopard gecko (D:1)
  A goblin (D:1)
  A hobgoblin (D:1)
  2 bats (D:1)
  2 kobolds (D:1)
  2 rats (D:1)
11 creatures vanquished.

Notes
Turn   | Place    | Note
-------+----------+-------------------------------------------
     0 | D:1      | kae the Naga Transmuter began the quest for the Orb.
     0 | D:1      | Reached XP level 1. HP: 18/18 MP: 3/3
   269 | D:1      | Reached XP level 2. HP: 25/25 MP: 5/5
   311 | D:1      | Slain by a kobold

Illustrated notes

Levels and vault maps discovered:
D:1:      dpeg_arrival_round_a, layout_basic

Action                   || total
-------------------------++-------
Melee: Unarmed           ||    23
       Headbutt          ||     1
 Cast: Beastly Appendage ||     5
 Abil: Spit Poison       ||     8
  Use: Potion            ||     1
Armor: Robe              ||     3
Dodge: Dodged            ||    19

Table legend: (Time is in decaauts)
 A = Elapsed time spent in this place.
 B = Non-inter-level travel time spent in this place.
 C = Inter-level travel time spent in this place.
 D = Time resting spent in this place.
 E = Time spent auto-exploring this place.
 F = Levels seen in this place.
 G = Mean time per level.
                   A        B        C        D        E       F      G
               +--------+--------+--------+--------+--------+-----+--------+
         Total |    353 |    353 |      0 |      0 |    285 |   1 |  353.0 |
       Dungeon |    353 |    353 |      0 |      0 |    285 |   1 |  353.0 |
               +--------+--------+--------+--------+--------+-----+--------+

Top non-repeatable levels by time:
     D:1: 353 daAuts
